AoeStats
← 大明朱元璋

Arabia

509751156Analyzed
4v4 RM · 4d ago on Sep 27, 2026· 58m 2s· 8 players
Game mode
Random Map
Map size
Large (8 player)
Population
200
Speed
Normal
Resources
Standard
Victory
Conquest
Starting age
Dark Age
Ending age
Imperial Age
RankedLock teamsTeams togetherTeam positionsShared explorationLock speedFull tech treeHidden civsTurbo modeCheats
Victory
Defeat
🇹🇷 Magyars · Türkiye
917
+15
🇺🇸 Persians · United States
899
+15
🇲🇽 Wei · Mexico
863
+17
🇲🇽 Danes · Mexico
858
+17
🇧🇷 Malians · Brazil
963
-20
🇰🇷 Goths · South Korea
929
-18
🇪🇸 Huns · Spain
823
-13
🇨🇱 Byzantines · Chile
821
-13
marcobecerrap
10:45 Feudal Age
12:10 Wheelbarrow
11:22 Double-Bit Axe
12:45 Stone Mining
13:00 Loom
18:59 Castle Age
18:01 Gold Mining
18:07 Horse Collar
22:21 Bow Saw
28:02 Fletching
28:59 Padded Archer Armor
29:19 Bodkin Arrow
30:11 Arson
30:26 Squires
33:42 Imperial Age
33:27 Elite Skirmisher
34:30 Bracer
35:10 Caravan
36:19 Gold Shaft Mining
36:19 Stone Shaft Mining
37:12 Hand Cart
37:05 Town Watch
37:53 Conscription
38:35 Parthian Tactics
39:01 Thumb Ring
39:12 Leather Archer Armor
39:51 Town Patrol
40:11 Tuntian
41:19 Ring Archer Armor
41:23 Ballistics
42:04 Chemistry
43:01 Elite Tiger Cavalry
44:07 Ming Guang Armor
48:08 Forging
48:04 Scale Barding Armor
48:38 Hoardings
48:45 Pikeman
50:19 Iron Casting
50:06 Chain Barding Armor
54:15 Blast Furnace
Bruin878
4:31 Loom
14:32 Feudal Age
20:44 Castle Age
18:39 Horse Collar
19:25 Double-Bit Axe
19:36 Gold Mining
19:53 Stone Mining
21:17 Wheelbarrow
21:46 Bloodlines
22:16 Husbandry
25:50 Hand Cart
27:07 Town Watch
28:50 Heavy Plow
33:06 Caravan
35:13 Gold Shaft Mining
37:11 Imperial Age
39:18 Chemistry
37:43 Elite War Elephant
38:47 Conscription
37:51 Pikeman
38:31 Squires
38:18 Arson
38:46 Forging
38:42 Scale Barding Armor
39:38 Crop Rotation
39:30 Bow Saw
40:28 Iron Casting
39:54 Scale Mail Armor
39:34 Halberdier
41:21 Town Patrol
43:03 Blast Furnace
42:26 Chain Barding Armor
41:36 Cavalier
44:23 Chain Mail Armor
46:30 Savar
47:51 Plate Barding Armor
47:47 Plate Mail Armor
55:45 Light Cavalry
56:35 Hussar
Mono de Guayaba
10:58 Loom
12:44 Feudal Age
19:01 Castle Age
18:15 Horse Collar
18:27 Gold Mining
18:26 Double-Bit Axe
20:10 Wheelbarrow
21:28 Gambesons
21:44 Squires
22:28 Arson
23:19 Bow Saw
23:10 Heavy Plow
27:54 Hand Cart
28:33 Scale Mail Armor
30:02 Chain Mail Armor
29:58 Forging
31:59 Murder Holes
32:51 Iron Casting
34:46 Hamask
35:58 Masonry
36:09 Ballistics
36:05 Caravan
44:40 Imperial Age
47:04 Chemistry
46:10 Siege Engineers
45:43 Elite Jomsviking
45:49 Northmen's Fury
45:53 Elite Varangian Guard
47:05 Plate Mail Armor
47:36 Blast Furnace
55:44 Onager
57:21 Siege Onager
yzunmute
2:39 Loom
14:45 Feudal Age
15:52 Man-at-Arms
25:15 Castle Age
24:50 Double-Bit Axe
24:46 Horse Collar
24:55 Horse Collar
25:06 Stone Mining
26:04 Gold Mining
26:21 Scale Barding Armor
27:42 Bow Saw
30:14 Wheelbarrow
32:16 Caravan
33:06 Masonry
35:06 Town Watch
35:13 Fletching
36:16 Heavy Plow
36:53 Gold Shaft Mining
36:32 Husbandry
36:42 Bloodlines
38:37 Chain Barding Armor
41:59 Imperial Age
41:09 Ballistics
40:44 Heated Shot
40:51 Murder Holes
42:56 Bodkin Arrow
43:36 Plate Barding Armor
42:47 Capped Ram
44:51 Siege Engineers
45:27 Crop Rotation
45:58 Two-Man Saw
48:50 Hand Cart
49:44 Elite Magyar Huszar
50:51 Conscription
50:34 Scale Mail Armor
55:54 Town Patrol
56:10 Chain Mail Armor
55:56 Bracer
56:02 Siege Engineers
56:07 Careening
56:59 Chemistry
55:49 Guard Tower
Robert
2:00 Loom
11:32 Feudal Age
11:36 Man-at-Arms
12:05 Double-Bit Axe
12:55 Horse Collar
13:29 Arson
16:29 Forging
16:20 Scale Mail Armor
16:18 Fletching
22:16 Castle Age
21:27 Stone Mining
21:35 Gold Mining
23:59 Bow Saw
23:58 Heavy Plow
25:25 Stone Shaft Mining
26:52 Wheelbarrow
26:04 Town Watch
28:27 Ballistics
28:18 Bodkin Arrow
29:44 Squires
31:30 Chain Mail Armor
34:00 Murder Holes
34:43 Iron Casting
34:39 Hand Cart
36:42 Gold Shaft Mining
42:25 Imperial Age
40:00 Town Patrol
41:18 Masonry
40:51 Treadmill Crane
41:16 Padded Archer Armor
41:44 Thumb Ring
41:04 Elite Skirmisher
[PKT]Luixpozo
3:27 Loom
12:17 Feudal Age
19:18 Castle Age
19:23 Horse Collar
19:35 Double-Bit Axe
21:17 Scale Barding Armor
22:50 Forging
23:03 Chain Barding Armor
24:21 Iron Casting
25:07 Husbandry
25:18 Bloodlines
35:46 Imperial Age
36:26 Cavalier
37:36 Conscription
37:20 Marauders
37:38 Paladin
大明朱元璋
5:11 Loom
12:25 Feudal Age
13:16 Double-Bit Axe
14:08 Wheelbarrow
21:25 Castle Age
20:50 Horse Collar
23:28 Bow Saw
25:15 Gold Mining
26:18 Heavy Plow
28:10 Bow Saw
28:21 Hand Cart
30:00 Forging
29:50 Scale Mail Armor
31:31 Iron Casting
30:22 Pikeman
31:02 Squires
36:09 Imperial Age
36:17 Iron Casting
35:57 Chain Mail Armor
36:09 Anarchy
36:18 Stone Mining
36:17 Halberdier
38:34 Blast Furnace
38:05 Conscription
38:29 Crop Rotation
38:33 Elite Huskarl
39:43 Caravan
40:29 Perfusion
R-Garín DRL
2:48 Loom
16:21 Feudal Age
16:49 Double-Bit Axe
18:33 Wheelbarrow
21:50 Castle Age
22:51 Stone Mining
24:41 Hand Cart
31:21 Squires
33:57 Caravan
35:49 Horse Collar
35:56 Pikeman
37:32 Gambesons
41:05 Gold Mining
41:51 Stone Shaft Mining
44:18 Imperial Age
42:23 Treadmill Crane
45:21 Heavy Plow
46:13 Fortified Wall
45:58 Murder Holes
47:04 Chemistry
48:51 Theocracy
48:29 Fervor
49:34 Bombard Tower
49:35 Ballistics
51:26 Onager
53:14 Block Printing
53:12 Redemption
53:06 Atonement
53:29 Sanctity
53:40 Illumination
53:45 Halberdier
53:46 Elite Varangian Guard
54:12 Arson
Connection lost

Rejoining the realm…

Still unreachable

The connection could not be restored.

Session expired

The server has moved on; the page needs a fresh start.